 Dungeon Crawl Stone Soup version 0.30-a0-924-g0ad0bf95bc (webtiles) character file.

Game seed: 13744918892611865251

801 IdlyInterested the Cudgeller (level 7, -3/54 HPs)
             Began as a Demonspawn Gladiator on Mar 22, 2023.
             Slain by a hornet (9 damage)
             ... on level 5 of the Dungeon.
             The game lasted 00:15:21 (4565 turns).

IdlyInterested the Cudgeller (Demonspawn Gladiator) Turns: 4565, Time: 00:15:22

Health: -3/54      AC:  9    Str: 17    XL:     7   Next: 59%
Magic:  0/7        EV:  8    Int: 15    God:
Gold:   187        SH:  0    Dex: 16    Spells: 6/6 levels left

rFire   . . .      SeeInvis .    g - +0 morningstar
rCold   . . .      Faith    .    (no shield)
rNeg    . . .      Spirit   +    y - +0 chain mail
rPois   .          Reflect  .    c - +0 helmet
rElec   .          Rampage  .    (no cloak)
rCorr   .                        (no gloves)
Will    .....                    (no boots) Stlth
                                 (no amulet)
HPRegen 0.29/turn                z - +6 ring of intelligence
MPRegen 0.20/turn                (no ring)

@: lethally poisoned (-3 -> -9), slowed, very slow
A: thin skeletal structure 1, magic shield, magic regeneration
a: no special abilities


You were on level 5 of the Dungeon.
You visited 1 branch of the dungeon, and saw 5 of its levels.

You collected 187 gold pieces.

Inventory:

Hand Weapons
 g - a +0 morningstar (weapon)
 s - a +0 whip of flaming
Missiles
 d - 3 throwing nets
 e - 2 boomerangs
 h - 18 stones (quivered)
 r - 7 javelins
Armour
 c - a +0 helmet (worn)
 f - a +0 scale mail
 m - a +0 tower shield
 t - a +2 robe of the Archmagi
 y - a +0 chain mail (worn)
Jewellery
 z - a +6 ring of intelligence (left hand)
 B - a ring of magical power
Wands
 p - a wand of light (7)
 w - a wand of flame (33)
Scrolls
 a - a scroll of identify
 l - a scroll of enchant weapon
 v - a scroll of teleportation
Potions
 b - a potion of lignification
 i - a potion of resistance
 j - 3 potions of curing
 k - a potion of magic
 n - a potion of brilliance
 o - a potion of cancellation
 q - 2 potions of haste
 x - a potion of mutation
 A - a potion of attraction


   Skills:
 - Level 4.0 Fighting
 * Level 6.6 Maces & Flails
 - Level 2.0 Throwing
 + Level 2.1 Armour
 - Level 3.0 Dodging
 - Level 1.0 Stealth
 - Level 2.0 Evocations


You had 6 spell levels left.
You didn't know any spells.
Your spell library contained the following spells:

 Spells                   Type           Power      Damage    Failure   Level
 Apportation              Tloc           0%         N/A       99%         1
 Necrotise                Necr           0%         1d4       99%         1
 Ignite Poison            Fire/Tmut/Pois 0%         N/A       100%        3
 Kindle Blastsparks       Fire/Tloc/Air  0%         2d10      100%        3
 Vampiric Draining        Necr           0%         2d6       100%        3
 Anguish                  Hex/Necr       0%         N/A       100%        4
 Dispel Undead            Necr           0%         3d6       100%        4
 Alistair's Intoxication  Tmut/Pois      0%         N/A       100%        5
 Freezing Cloud           Conj/Ice/Air   0%         6-21      100%        5
 Yara's Violent Unravell  Hex/Tmut       0%         3d3       100%        5
 Statue Form              Tmut/Erth      0%         N/A       100%        6
 Enfeeble                 Hex            0%         N/A       100%        7
 Infestation              Necr           0%         N/A       100%        8
 Shatter                  Erth           0%         3d5*      100%        9


Dungeon Overview and Level Annotations

Branches:
Dungeon (5/15)
 Temple: D:4-7

Altars:
Kikubaaqudgha
Okawaru


Innate Abilities, Weirdness & Mutations

You have a somewhat thin skeletal structure. (Dex +2, Stealth+)
When hurt, damage is shared between your health and your magic reserves.
You regenerate magic rapidly.


Message History

The hornet is moderately wounded.
The hornet barely misses you. The hornet closely misses you.
You closely miss the hornet.
The hornet is moderately wounded.
The hornet stings you.
You feel yourself slow down.
You closely miss the hornet.
The hornet is moderately wounded.
The hornet stings you!
You suddenly lose the ability to move!
The hornet stings you!
You feel as though you will be slow longer.
The hornet stings you!
You feel as though you will be slow longer.
The hornet stings you but does no damage.
The hornet stings you!
* * * LOW HITPOINT WARNING * * *
You are poisoned.
You shrug off the repeated paralysis!
The hornet stings you!
* * * LOW HITPOINT WARNING * * *
You feel as though you will be slow longer.
You can move again.
You feel better. The hornet barely misses you.
The hornet stings you but does no damage.
You hit the hornet.
The hornet is heavily wounded.
The hornet stings you.
* * * LOW HITPOINT WARNING * * *
You are poisoned.
You shrug off the repeated paralysis!
The hornet stings you but does no damage.
An iguana comes into view.
The hornet completely misses you.
You closely miss the hornet.
The hornet is heavily wounded.
* * * LOW HITPOINT WARNING * * *
You feel very sick. The hornet stings you.
* * * LOW HITPOINT WARNING * * *
You feel as though you will be slow longer.
The hornet stings you!
You die...

.#################
......[...........#
...###############.#
.l....y@.# #.# #
.#..####.# #.# ..
#.# #.# #.#
.##.###.# #.# #.#
........# #.# #.#
.......<# #.# ##.##
###.....# #.#
####...####
#.....####.###
#..))......
#............#
#.##...####


You could see a hornet and an iguana.

Vanquished Creatures
  Pikel (D:4)
  A jelly (D:4)
  Jessica (D:3)
  Ijyb (D:3)
  Natasha (thrice) (D:3)
  2 orc wizards
  4 gnolls (D:5)
  2 adders (D:2)
  A shadow imp (D:4)
  A worm (D:3)
  2 dart slugs (D:1)
  9 orcs
  8 endoplasms
  2 giant cockroaches (D:1)
  7 goblins
  13 hobgoblins
  7 jackals (D:1)
  A quokka (D:5)
  6 ball pythons
  7 bats
  4 frilled lizards
  4 kobolds
  6 rats
93 creatures vanquished.

Vanquished Creatures (others)
  4 plants (D:2)
4 creatures vanquished.

Grand Total: 97 creatures vanquished

Notes
Turn   | Place    | Note
-------+----------+-------------------------------------------
     0 | D:1      | IdlyInterested the Demonspawn Gladiator began the quest for
                  | the Orb.
     0 | D:1      | Reached XP level 1. HP: 16/16 MP: 1/1
    44 | D:1      | Reached skill level 1 in Armour
    63 | D:1      | Gained mutation: You regenerate magic rapidly. [demonic
                  | ancestry]
    63 | D:1      | Reached XP level 2. HP: 18/22 MP: 2/2
   108 | D:1      | Reached skill level 3 in Maces & Flails
   394 | D:1      | Reached XP level 3. HP: 27/27 MP: 3/3
  1167 | D:2      | Found an ancient bone altar of Kikubaaqudgha.
  1203 | D:2      | Reached XP level 4. HP: 33/33 MP: 4/4
  1301 | D:2      | Got Kikubaaqudgha's Book of Resurrection
  1470 | D:2      | Found a faded altar of an unknown god.
  1912 | D:3      | Reached skill level 1 in Evocations
  1935 | D:3      | HP: 1/33 [worm (8)]
  2248 | D:3      | Noticed Natasha
  2254 | D:3      | Killed Natasha
  2310 | D:3      | Noticed Jessica
  2315 | D:3      | Killed Jessica
  2316 | D:3      | Reached XP level 5. HP: 35/38 MP: 5/5
  2465 | D:3      | Reached skill level 1 in Stealth
  2566 | D:3      | Noticed Natasha
  2577 | D:3      | Killed Natasha
  2578 | D:3      | Reached skill level 4 in Maces & Flails
  2755 | D:3      | Noticed Ijyb
  2769 | D:3      | Killed Ijyb
  3349 | D:3      | Noticed Natasha
  3357 | D:3      | Killed Natasha
  3452 | D:4      | Got the Encyclopedia of the Four Curses
  3699 | D:4      | Found an iron altar of Okawaru.
  3722 | D:4      | Gained mutation: You have a somewhat thin skeletal
                  | structure. (Dex +2, Stealth+) [demonic ancestry]
  3722 | D:4      | Reached XP level 6. HP: 31/46 MP: 6/6
  4005 | D:4      | Noticed Pikel
  4033 | D:4      | Killed Pikel
  4034 | D:4      | Reached skill level 6 in Maces & Flails
  4034 | D:4      | Gained mutation: When hurt, damage is shared between your
                  | health and your magic reserves. [demonic ancestry]
  4034 | D:4      | Reached XP level 7. HP: 26/54 MP: 7/7
  4358 | D:5      | Entered Level 5 of the Dungeon
  4554 | D:5      | Noticed a hornet
  4560 | D:5      | Paralysed by a hornet for 3 turns
  4565 | D:5      | Slain by a hornet

Illustrated notes

Levels and vault maps discovered:
D:1:      roderic_chinese_lattice_arrival, layout_basic, minmay_tromino_v4_b
D:2:      layout_rooms, hellmonk_ecumenical_altar_crossroads, basic_altar,
          kennysheep_boxes
D:3:      layout_basic, minmay_misc_feat_x, uniq_jessica, uniq_natasha,
          uniq_ijyb
D:4:      layout_cave_pools, lemuel_round_altar, uniq_pikel
D:5:      minmay_skewed_foursquare, layout_loops_ring

Skill      XL: |  1  2  3  4  5  6 |
---------------+-------------------+-----
Armour         | 1 2 |  2.1
Maces & Flails | 3 4 6 |  6.6
Dodging        | 3 |  3.0
Throwing       | 2 |  2.0
Evocations     | 2 |  2.0
Stealth        | 1 |  1.0
Fighting       | 4 |  4.0

Action                     |  1- 3 |  4- 6 |  7- 9 || total
---------------------------+-------+-------+-------++-------
  Melee: Flail             |   118 |   165 |       ||   283
         Punch             |     1 |     2 |     1 ||     4
         Morningstar       |       |       |    34 ||    34
  Throw: Javelin           |       |     1 |       ||     1
         Stone             |       |     8 |       ||     8
         Throwing net      |       |     2 |       ||     2
  Evoke: Wand              |       |       |     3 ||     3
    Use: Scroll            |     7 |     6 |     1 ||    14
         Potion            |     3 |     4 |     1 ||     8
   Stab: Held in net/web   |       |     1 |       ||     1
 Armour: Scale mail        |    87 |    34 |       ||   121
         Chain mail        |       |    47 |    12 ||    59
  Dodge: Dodged            |    69 |    54 |    20 ||   143

Table legend: (Time is in decaauts)
 A = Elapsed time spent in this place.
 B = Non-inter-level travel time spent in this place.
 C = Inter-level travel time spent in this place.
 D = Time resting spent in this place.
 E = Time spent auto-exploring this place.
 F = Levels seen in this place.
 G = Mean time per level.
                   A        B        C        D        E       F      G
               +--------+--------+--------+--------+--------+-----+--------+
         Total |   4641 |   4032 |    609 |    747 |   2168 |   5 |  928.2 |
       Dungeon |   4641 |   4032 |    609 |    747 |   2168 |   5 |  928.2 |
               +--------+--------+--------+--------+--------+-----+--------+

Top non-repeatable levels by time:
     D:3: 1939 daAuts
     D:4: 937 daAuts
     D:1: 886 daAuts
     D:2: 743 daAuts
     D:5: 136 daAuts
